 Dungeon Crawl Stone Soup version 0.19-a0-1899-g2d93087 (webtiles) character file.

615660 Ijustatesigmund the Tortoise (level 27, -6/175 HPs)
             Began as a Gargoyle Fighter on Oct 13, 2016.
             Was the Champion of Okawaru.
             Mangled by an ancient zyme (8 damage)
             ... on level 17 of a ziggurat on Oct 19, 2016.
             The game lasted 05:33:01 (61692 turns).

Ijustatesigmund the Tortoise (Gargoyle Fighter)    Turns: 61692, Time: 05:33:02

Health: -6/175     AC: 68    Str: 26      XL:     27
Magic:  36/44      EV: 21    Int:  6 (15) God:    Okawaru [******]
Gold:   1039       SH: 26    Dex: 21      Spells: 10 memorised, 21 levels left

rFire  + + .     SeeInvis +     H - +9 eveningstar (protect)
rCold  + + .     Gourm    .     J - +8 gold dragon scales "Qoumn" {rPois rF+ rC+ MR+ Str+4 SInv Stlth+}
rNeg   + . .     Faith    .     q - +6 shield of Midwinter {rC- MP+9 Slay+3 Stlth+}
rPois  ∞         Spirit   .     u - +2 helmet of the Prince of Darkness {+Inv Regen+ Str-3 Stlth+}
rElec  +         Reflect  +     d - +1 cloak of Edongih {rF+ rC++ Dex+2}
rCorr  +         Harm     .     P - +1 pair of gloves "Hutsov" {Dex+2 SInv}
MR     +++..     Rnd*Rage +     n - +2 pair of boots {run}
Stlth  +......... Rnd*Tele +    o - amulet "Diopn" {Reflect +Blink rElec Str-3 SH+3}
                                i - ring of Eragylag {+Fly EV+4 Str+7 Int+4}
                                k - ring of resist corrosion

@: exhausted, heroism, finesse, contaminated, hasted and slowed, glowing, repel
missiles, drained, quick
A: big wings, berserk 1, negative energy resistance 1, electricity resistance,
teleportitis 1, weak 1, unbreathing, petrification resistance, rot immunity,
MP-powered wands, AC +20
a: Fly, Heroism, Finesse, Renounce Religion, Evoke Blink, Evoke Invisibility,
Evoke Flight
}: 3/15 runes: barnacled, slimy, gossamer


You were on level 17 of a ziggurat.
You worshipped Okawaru.
Okawaru was exalted by your worship.
You were full.

You visited 11 branches of the dungeon, and saw 50 of its levels.
You visited the Abyss 3 times.
You visited 1 ziggurat, and saw 17 of its levels.

You collected 6801 gold pieces.
You spent 5762 gold pieces at shops.

Inventory:

Hand Weapons
 H - a +9 eveningstar of protection (weapon)
Missiles
 F - 9 steel javelins (quivered)
Armour
 d - the +1 cloak of Edongih (worn) {rF+ rC++ Dex+2}
   (Okawaru gifted it to you on level 1 of the Spider Nest)

   It affects your dexterity (+2).
   It protects you from fire.
   It greatly protects you from cold.
 g - the +3 crystal plate armour of the Thinker {Regen+}
   (You found it on level 7 of a ziggurat)

   It increases your rate of regeneration.
 n - a +2 pair of boots of running (worn)
 q - the +6 shield of Midwinter (worn) {rC- MP+9 Slay+3 Stlth+}
   (Okawaru gifted it to you on level 4 of the Depths)

   It affects your accuracy and damage with ranged weapons and melee attacks
   (+3).
   It makes you vulnerable to cold.
   It affects your magic capacity (+9).
   It makes you more stealthy.
 u - the +2 helmet of the Prince of Darkness (worn) {+Inv Regen+ Str-3 Stlth+}
   (You found it on level 16 of a ziggurat)

   It affects your strength (-3).
   It lets you turn invisible.
   It increases your rate of regeneration.
   It makes you more stealthy.
 x - the +1 hat of Kunof {*Slow rElec Int-3 Slay+6}
   (Okawaru gifted it to you on level 4 of the Spider Nest)

   It affects your intelligence (-3).
   It affects your accuracy and damage with ranged weapons and melee attacks
   (+6).
   It insulates you from electricity.
   It may slow you when you take damage.
 E - +8 fire dragon scales
 J - the +8 gold dragon scales "Qoumn" (worn) {rPois rF+ rC+ MR+ Str+4 SInv Stlth+}
   (You found it on level 3 of the Depths)

   It affects your strength (+4).
   It protects you from fire.
   It protects you from cold.
   It protects you from poison.
   It affects your resistance to hostile enchantments.
   It lets you see invisible.
   It makes you more stealthy.
 P - the +1 pair of gloves "Hutsov" (worn) {Dex+2 SInv}
   (Okawaru gifted it to you on level 2 of the Shoals)

   It affects your dexterity (+2).
   It lets you see invisible.
Jewellery
 i - the ring of Eragylag (right hand) {+Fly EV+4 Str+7 Int+4}
   (You found it on level 10 of a ziggurat)

   [ring of evasion]

   It affects your evasion (+4).
   It affects your strength (+7).
   It affects your intelligence (+4).
   It lets you fly.
 j - a +3 ring of slaying
 k - a ring of resist corrosion (left hand)
 o - the amulet "Diopn" (around neck) {Reflect +Blink rElec Str-3 SH+3}
   (You found it on level 11 of a ziggurat)

   [amulet of reflection]

   It shields you and reflects attacks.
   It affects your strength (-3).
   It insulates you from electricity.
   It lets you blink.
   It affects your SH (+3).
 r - an uncursed ring of protection from cold
 D - an uncursed amulet of regeneration
 Q - an uncursed ring of positive energy
 U - the ring of Soeh {Wiz rPois rN+ Str+8 Stlth-}
   (You found it on level 6 of a ziggurat)

   [ring of wizardry]

   It improves your spell success rate.
   It affects your strength (+8).
   It protects you from poison.
   It protects you from negative energy.
   It makes you less stealthy.
 Z - the ring "Nouczane" {rPois MR++ Str-3 Int+4 SInv}
   (You bought it in a shop on level 2 of the Depths)

   [ring of intelligence]

   It affects your strength (-3).
   It affects your intelligence (+4).
   It protects you from poison.
   It affects your resistance to hostile enchantments.
   It lets you see invisible.
Wands
 m - a wand of acid (4/15)
 v - a wand of lightning (8/15)
 G - a wand of hasting (4/9)
 L - a wand of digging (22/24)
 T - a wand of heal wounds (4/9)
 V - a wand of heal wounds (6/9)
Scrolls
 a - 16 scrolls of remove curse
 w - a scroll of silence
 y - a scroll of brand weapon
 A - 2 scrolls of immolation
 C - 8 scrolls of fog
 I - 9 scrolls of blinking
 K - 26 scrolls of teleportation
 M - 3 scrolls of recharging
 S - 8 scrolls of magic mapping
 Y - 4 scrolls of fear
Potions
 h - 17 potions of curing
 l - 5 potions of ambrosia
 t - 2 potions of berserk rage
 z - 2 potions of magic
 O - a potion of flight
 R - a potion of cancellation
 W - a potion of beneficial mutation {unknown}
 X - 7 potions of brilliance
Books
 e - the Papyrus of Poisoning and Confrontation
   (You found it on level 16 of a ziggurat)

   Spells                             Type                      Level
   a - Sting                          Conjuration/Poison           1
   b - Shock                          Conjuration/Air              1
   c - Ignite Poison                  Fire/Transmutation/Poison    3
   d - Force Lance                    Conjuration/Translocation    4
   e - Fireball                       Conjuration/Fire             5
   f - Lightning Bolt                 Conjuration/Air              5
 s - a book of Transfigurations

   Spells                             Type                      Level
   a - Irradiate                      Conjuration/Transmutation    5
   b - Statue Form                    Transmutation/Earth          6
   c - Hydra Form                     Transmutation                6
   d - Dragon Form                    Transmutation                7
 B - a Young Poisoner's Handbook

   Spells                             Type                      Level
   a - Sting                          Conjuration/Poison           1
   b - Mephitic Cloud                 Conjuration/Poison/Air       3
   c - Olgreb's Toxic Radiance        Poison                       4
   d - Alistair's Intoxication        Transmutation/Poison         5
   e - Venom Bolt                     Conjuration/Poison           5
Miscellaneous
 p - 2 phantom mirrors
Comestibles
 b - 21 meat rations
 f - 20 bread rations


   Skills:
 - Level 18.7(23.5) Fighting
 - Level 17.3(22.2) Maces & Flails
 - Level 12.4(17.3) Throwing
 - Level 19.5(24.4) Armour
 - Level 10.3(15.2) Dodging
 - Level 9.3(14.2) Stealth
 - Level 15.2(20.1) Shields
 + Level 8.8(8.7) Spellcasting
 - Level 8.8(8.7) Conjurations
 - Level 9.8 Charms
 - Level 2.2(2.1) Summonings
 - Level 13.5(13.4) Translocations
 - Level 9.0(8.9) Air Magic
 - Level 8.4(8.3) Poison Magic
 + Level 17.2(17.1) Invocations
 - Level 13.0(12.9) Evocations


You had 21 spell levels left.
You knew the following spells:

 Your Spells              Type           Power        Failure   Level  Hunger
a - Repel Missiles        Chrm/Air       ##....       8%          2    ##.....
b - Swiftness             Chrm/Air       ##......     8%          2    ##.....
c - Magic Dart            Conj           ##..         8%          1    None
d - Blink                 Tloc           N/A          1%          2    ##.....
e - Mephitic Cloud        Conj/Pois/Air  ##......     17%         3    ###....
f - Apportation           Tloc           ###.......   1%          1    None
g - Summon Butterflies    Summ           #.......     82%         1    None
h - Lesser Beckoning      Tloc           ###.......   1%          3    ###....
i - Dazzling Spray        Conj/Hex       #.....       85%         3    ###....
j - Olgreb's Toxic Radia  Pois           ##......     61%         4    ####...


Dungeon Overview and Level Annotations

Branches:
Dungeon (15/15)            Temple (1/1) D:4            Lair (6/6) D:8
 Shoals (4/4) Lair:3       Spider (4/4) Lair:3        Slime (5/5) Lair:6
    Orc (2/2) D:12            Elf (3/3) Orc:2        Vaults (4/5) D:13
  Crypt (1/3) Vaults:3     Depths (5/5) D:15            Zot (0/5) Depths:5

Altars:
Ashenzari
Cheibriados
Dithmenos
Elyvilon
Fedhas
Gozag
Hepliaklqana
Kikubaaqudgha
Makhleb
Nemelex Xobeh
Okawaru
Qazlal
Ru
Sif Muna
Trog
Uskayaw
Vehumet
Xom
Yredelemnul
Zin
The Shining One
Beogh
Jiyva
Lugonu

Shops:
D:8 *   D:14 *   Orc:1 !   Orc:2 ![!%   Elf:1 ?   Shoals:1 ?   Vaults:1 ?
Depths:1 [   Depths:2 }}=   Depths:3 :

Portals:
Hell: Depths:1 Depths:2 Depths:3 Depths:4 Depths:5
Abyss: Depths:4
Pandemonium: Depths:3


Innate Abilities, Weirdness & Mutations

You are resistant to torment.
Your stone body is resilient. (AC +20)
You are immune to poison.
Your large and strong wings let you fly indefinitely.
You resist negative energy. (rN+)
You are resistant to electric shocks. (rElec)
You can survive without breathing.
You are immune to petrification.
You are immune to rotting.
You tend to lose your temper in combat.
You are occasionally teleported next to monsters.
You are weak. (Str -2)
You expend magic power (3 MP) to strengthen your wands.


Message History

Strange energies course through your body.
You feel weaker.
Found thirteen items.
Found two gates leading back out of this place.
Found a stone staircase leading down.
Blink to where?
Press: ? - help, Dir - move target cursor
As you read the scroll of blinking, it crumbles to dust.
A cacophony of accursed wailing tears at your sanity!
* * * LOW HITPOINT WARNING * * *
You block the chaos spawn's attack.
A starcursed mass splits.
The crimson imp laughs crazily.
The chaos spawn briefly grows a face disturbingly similar to your own.
A starcursed mass splits.
Found a ring of slaying.
Are you sure you want to leave this ziggurat?
You block the thrashing horror's attack. x2
The chaos spawn closely misses you. You block the hungry ghost's attack.
The ancient zyme hits you!
You die...

......▓ .......▓▓
........▓
..............▓▓
...............▓
............X..▓
.......X....X}=▓
#≈#......v.34@)▓ .
#≈.......3XWx}=▓ ..
#≈#......WX5x4X▓▓
..........§X5eX\X)▓
..........3X*3XXXX▓
.........X.3XXXXwX▓
........35XXWwwXX▓▓
.......55XXXAXXX.▓
.......5.X.XwZDX▓▓


You could see a profane servitor, 22 starcursed masses, 4 tentacled starspawn, a
spatial maelstrom, an eidolon, a wretched star, a deep elf sorcerer, 2 ancient
zymes, 3 thrashing horrors, a large abomination, a freezing wraith, a smoke
demon, a hungry ghost, 4 neqoxecs, 2 chaos spawn, 3 starspawn tentacles, an iron
imp, a crimson imp and an ufetubus.

Vanquished Creatures
  the Royal Jelly (Slime:5)
  2 ancient liches
  Mennas (Vaults:4)
  7 juggernauts
  Mara (Vaults:4)
  Boris (Depths:3)
  Saint Roka (Vaults:4)
  Bai Suzhen (Depths:2)
  3 caustic shrikes
  2 Killer Klowns (Zig:7)
  Margery (Depths:5)
  2 golden dragons
  Nikola (Elf:3)
  Arachne (Spider:3)
  10 tentacled monstrosities
  4 liches
  Jorgrun (Depths:2)
  Asterion (Elf:1)
  A kraken (Shoals:4)
  6 deep elf blademasters
  3 quicksilver dragons
  4 deep elf master archers (Elf:3)
  29 acid blobs
  An Executioner (Zig:12)
  7 tentacled starspawn
  5 sphinxes
  2 shadow dragons
  9 revenants
  2 storm dragons
  3 tengu reavers
  Donald (Shoals:1)
  An azure jelly (shapeshifter) (Depths:4)
  2 daevas (Zig:4)
  Ilsuiw (Shoals:4)
  11 azure jellies
  6 nagarajas
  2 fire giants
  Aizul (Shoals:1)
  7 frost giants
  2 draconian knights
  The ghost of zkyp the Severer, a journeyman DgAr (Elf:1)
  5 deep elf sorcerers
  10 ghost moths
  8 vault wardens
  11 emperor scorpions
  A balrug (Abyss:2)
  3 orc warlords
  4 deep elf elementalists
  An angel (Zig:12)
  A curse skull (Zig:9)
  A draconian shifter (Depths:5)
  5 entropy weavers
  9 ironheart preservers
  19 stone giants
  A war gargoyle (Vaults:4)
  11 very ugly things
  5 deep elf demonologists
  2 vampire knights
  An ophan (Zig:4)
  A lorocyproca (Abyss:2)
  An apis (Zig:4)
  A mottled draconian (Depths:5)
  10 deep elf annihilators
  A yellow draconian (Depths:5)
  A dire elephant (D:15)
  A purple draconian (Depths:5)
  7 spark wasps
  10 death oozes
  13 ettins
  6 merfolk impalers
  11 deep elf death magi
  13 merfolk javelineers
  5 eidola
  2 green deaths
  2 blizzard demons (Depths:3)
  Josephine (Spider:1)
  5 deep elf high priests
  10 great orbs of eyes
  10 fire dragons
  6 rakshasas
  14 hydras
  2 naga warriors (Zig:8)
  11 yaktaur captains
  14 ice dragons
  6 vault guards
  7 spriggan air magi
  9 centaur warriors
  3 alligator snapping turtles
  A monstrous demonspawn (Depths:3)
  2 catoblepae (Lair:5)
  10 merfolk aquamancers
  16 ogre magi
  24 dancing weapons
  4 merfolk avatars
  An alligator (shapeshifter) (Zig:7)
  11 deep troll earth magi
  3 death knights
  2 vampire magi
  A hell hog (Zig:12)
  A satyr (Shoals:4)
  2 thrashing horrors (Abyss:2)
  4 tengu warriors
  10 deep troll shamans
  2 naga sharpshooters (Zig:8)
  20 hell knights
  7 orc high priests
  8 spriggan berserkers
  8 soul eaters (Crypt:1)
  3 shock serpents
  3 wretched stars (Abyss:2)
  A shock serpent (shapeshifter) (Depths:4)
  A sun demon (Depths:4)
  26 deep elf knights
  Sonja (D:12)
  2 sixfirhies
  4 shadow wraiths
  6 skeletal warriors
  6 iron trolls
  A salamander mystic (Zig:6)
  11 sea snakes
  5 wizards
  28 deep trolls
  10 glowing orange brains
  5 swamp dragons
  A storm dragon skeleton (Vaults:1)
  3 flayed ghosts
  An unseen horror (shapeshifter) (Vaults:3)
  4 unseen horrors
  9 hill giants
  A hill giant (shapeshifter) (Depths:4)
  A naga ritualist (Zig:8)
  An obsidian statue (Depths:4)
  A lindwurm (Lair:6)
  3 phantasmal warriors
  A glowing orange brain (shapeshifter) (Depths:3)
  14 ironbrand convokers
  5 spatial maelstroms
  16 deep elf archers
  23 orc knights
  2 shambling mangroves (Zig:10)
  Pikel (D:7)
  2 golden dragon skeletons
  10 harpies
  The ghost of Nattefrost the Cleaver, a novice MiMo of Cheibriados (D:6)
  3 human zombies
  A mana viper (Abyss:2)
  15 orb spiders
  78 deep elf magi
  14 necromancers
  7 shining eyes
  An orb spider (shapeshifter) (Vaults:3)
  14 orc sorcerers
  3 salamanders (shapeshifter)
  A manticore (shapeshifter) (Depths:4)
  A wolf spider (shapeshifter) (Depths:2)
  34 ugly things
  17 manticores
  7 oklob plants (Zig:15)
  44 wolf spiders
  11 sirens
  7 cyclopes
  A shadow dragon skeleton (Vaults:3)
  5 guardian serpents
  10 moths of wrath
  A moth of wrath (shapeshifter) (Depths:4)
  A rust devil (Depths:2)
  5 elephants (Lair:5)
  14 vault sentinels
  Joseph (D:9)
  Psyche (D:12)
  12 black mambas
  A black mamba (shapeshifter) (Depths:4)
  A water nymph (shapeshifter) (Depths:4)
  9 water nymphs
  An orange demon (Abyss:2)
  3 smoke demons
  4 naga magi
  A gargoyle (D:10)
  An eye of devastation (Zig:13)
  An ice statue (Zig:9)
  8 torpor snails
  An elf zombie (Depths:4)
  A torpor snail (shapeshifter) (Elf:1)
  3 centaur skeletons
  3 spiny frogs
  A kobold demonologist (Crypt:1)
  10 komodo dragons
  3 komodo dragons (shapeshifter) (Depths:4)
  45 yaktaurs
  A tormentor (Zig:12)
  2 efreet
  A rime drake (shapeshifter) (Vaults:4)
  2 rime drakes (Lair:6)
  A yaktaur (shapeshifter) (Vaults:2)
  3 freezing wraiths
  5 ancient zymes
  A queen bee (shapeshifter) (Vaults:4)
  A red devil (Depths:3)
  A harpy zombie (Abyss:2)
  2 tengu conjurers
  A yaktaur skeleton (Vaults:3)
  A jumping spider (shapeshifter) (Depths:4)
  17 demonic crawlers
  2 hellwings
  31 hornets
  8 trolls
  2 wind drakes (shapeshifter)
  28 merfolk
  A polar bear (D:11)
  25 two-headed ogres
  10 wind drakes
  34 jumping spiders
  4 tyrant leeches (Lair:6)
  22 blink frogs
  2 bog bodies
  78 slime creatures
  A blink frog (shapeshifter) (Depths:4)
  A polar bear (shapeshifter) (Vaults:4)
  4 raiju (Abyss:2)
  5 hippogriffs
  13 snapping turtles
  A snapping turtle (shapeshifter) (Vaults:1)
  12 dream sheep
  6 large abominations
  5 spriggans
  5 ynoxinuls (Abyss:2)
  7 wraiths
  25 starcursed masses
  A flying skull (Abyss:2)
  A frost giant simulacrum (Vaults:4)
  76 redbacks
  A spriggan (shapeshifter) (Vaults:1)
  13 air elementals
  A shadow (Zig:12)
  23 tarantellas
  15 water elementals
  3 tarantellas (shapeshifter)
  3 fire elementals
  3 vampires
  7 wyverns
  44 yaks
  Grum (D:9)
  12 golden eyes
  5 basilisks
  2 steam dragons
  A yaktaur simulacrum (Vaults:3)
  7 chaos spawn
  5 neqoxecs
  A vampire mosquito (Zig:10)
  3 spatial vortices (Abyss:2)
  7 wargs
  5 mottled dragons
  A naga (Zig:8)
  12 water moccasins
  A soldier ant (shapeshifter) (Vaults:4)
  A soldier ant (D:14)
  3 floating eyes (shapeshifter)
  2 floating eyes
  A spiny frog skeleton (Abyss:2)
  2 slaves (D:7)
  4 hell hounds (Abyss:2)
  71 orc warriors
  5 porcupines
  9 eyes of draining
  4 ice beasts
  A black bear (D:7)
  3 swamp drakes
  3 phantoms
  5 sky beasts
  10 wolves
  71 ogres
  2 elf skeletons
  A human skeleton (Vaults:1)
  28 centaurs
  15 crocodiles
  2 big kobolds
  14 bullfrogs
  13 small abominations
  9 earth elementals
  9 scorpions
  A water moccasin skeleton (D:10)
  4 wyvern skeletons
  A human simulacrum (Vaults:1)
  An orc simulacrum (Vaults:1)
  10 killer bees
  A troll skeleton (Crypt:1)
  17 wights
  3 howler monkeys
  4 electric eels
  7 crimson imps
  2 bullfrog zombies
  5 centaur zombies
  3 jellies
  24 orc priests
  10 hounds
  2 quasits
  4 bullfrog skeletons
  32 orc wizards
  8 iguanas
  Terence (D:2)
  A lightning spire (Zig:6)
  6 worker ants
  A bullfrog simulacrum (D:11)
  2 hound zombies (D:9)
  4 hound skeletons
  A howler monkey zombie (D:9)
  7 gnolls
  2 howler monkey skeletons
  A worker ant zombie (D:8)
  9 adders
  A hound simulacrum (D:11)
  7 shadow imps
  4 white imps
  A worker ant simulacrum (D:11)
  3 ufetubi
  A worm (D:5)
  2 dart slugs
  3 leopard geckos
  106 orcs
  A ball python (D:2)
  A giant cockroach (D:2)
  9 goblins
  9 hobgoblins
  18 jackals
  19 kobolds
  6 quokkas
  6 bats
  5 frilled lizards
  2 leopard gecko skeletons
  A quokka skeleton (Crypt:1)
  9 rats
  2 crawling corpses (Elf:3)
  2 fungi
  A lurking horror (Abyss:2)
  3 plants
  4 starspawn tentacles
  4 tentacles (Shoals:4)
2502 creatures vanquished.

Vanquished Creatures (collateral kills)
  A hydra (Zig:16)
1 creature vanquished.

Vanquished Creatures (others)
  A frost giant (Depths:2)
  A merfolk aquamancer (Zig:14)
  A dancing weapon (Elf:3)
  2 necromancers (Depths:3)
  2 deep elf magi
  A black mamba (Zig:8)
  2 hornets
  A merfolk (Zig:14)
  6 redbacks
  A spriggan (Depths:5)
  A yak (D:8)
  A human (Crypt:1)
  A naga (Zig:8)
  A porcupine (shapeshifter) (Vaults:1)
  An orc warrior (D:8)
  3 ogres
  A centaur (D:8)
  2 big kobolds (D:8)
  A bullfrog (D:8)
  A hound (D:8)
  An orc wizard (D:8)
  A small abomination (Zig:12)
  2 orcs
  A jackal (D:8)
  A crawling corpse (Elf:3)
  2 fungi (Lair:5)
  28 plants
  17 starspawn tentacles
  6 tentacles (Shoals:4)
90 creatures vanquished.

Grand Total: 2593 creatures vanquished

Notes
Turn   | Place    | Note
-------+----------+-------------------------------------------
     0 | D:1      | Ijustatesigmund the Gargoyle Fighter began the quest for the Orb.
     0 | D:1      | Reached XP level 1. HP: 14/14 MP: 1/1
   170 | D:1      | Reached XP level 2. HP: 19/19 MP: 2/2
   772 | D:2      | Reached XP level 3. HP: 17/24 MP: 3/3
  1018 | D:2      | Noticed Terence
  1032 | D:2      | Killed Terence
  1032 | D:2      | Reached XP level 4. HP: 29/29 MP: 4/4
  1039 | D:2      | Found a shadowy altar of Dithmenos.
  2187 | D:3      | Reached XP level 5. HP: 34/34 MP: 5/5
  2330 | D:3      | Found a glowing golden altar of the Shining One.
  2701 | D:4      | Reached skill level 5 in Fighting
  2967 | D:4      | Reached XP level 6. HP: 23/40 MP: 6/6
  3182 | D:4      | Found a deep blue altar of Sif Muna.
  3439 | D:4      | Found a staircase to the Ecumenical Temple.
  3444 | Temple   | Entered the Ecumenical Temple
  3693 | D:4      | Reached skill level 5 in Maces & Flails
  3693 | D:4      | Reached XP level 7. HP: 33/47 MP: 7/7
  3771 | D:4      | Reached skill level 1 in Dodging
  3834 | D:5      | Entered Level 5 of the Dungeon
  3860 | D:5      | Noticed a yak
  3860 | D:5      | Noticed a yak
  3861 | D:5      | Noticed a yak
  3861 | D:5      | Noticed a yak
  3861 | D:5      | Noticed a yak
  3876 | D:5      | Killed a yak
  3887 | D:5      | Killed a yak
  4193 | D:5      | Reached XP level 8. HP: 52/52 MP: 8/8
  4554 | D:5      | Killed a yak
  4568 | D:5      | Killed a yak
  4582 | D:5      | Killed a yak
  5212 | D:6      | Noticed Nattefrost's ghost (novice MiMo)
  5346 | D:5      | Reached XP level 9. HP: 54/62 MP: 9/9
  5411 | D:5      | Reached skill level 10 in Fighting
  5980 | D:6      | Found a white marble altar of Elyvilon.
  6018 | D:6      | Found an iron altar of Okawaru.
  6039 | D:6      | Became a worshipper of Warmaster Okawaru
  6280 | D:6      | Reached skill level 1 in Invocations
  6334 | D:6      | Killed Nattefrost's ghost
  6334 | D:6      | Reached * piety under Okawaru
  6767 | D:7      | Upgraded the game from 0.19-a0-1875-g4fea3da to 0.19-a0-1882-gbb73ea0
  6917 | D:7      | Noticed Pikel
  6941 | D:7      | Killed Pikel
  6941 | D:7      | Reached skill level 5 in Invocations
  6941 | D:7      | Reached XP level 10. HP: 56/71 MP: 12/14
  8041 | D:8      | Found a shimmering altar of Xom.
  8053 | D:8      | Reached ** piety under Okawaru
  8299 | D:8      | Found Ferhull's General Store.
  8302 | D:8      | Bought a potion of curing for 36 gold pieces
  8302 | D:8      | Bought 2 scrolls of identify for 48 gold pieces
  8367 | D:8      | Found a staircase to the Lair.
  8397 | Lair:1   | Entered Level 1 of the Lair of Beasts
  8477 | D:8      | Reached skill level 4 in Armour
  8546 | D:8      | Got a smoking scale mail
  8563 | D:8      | Identified the cursed +1 scale mail of Paon {rElec rF- MR+ Int+4} (You found it on level 8 of the Dungeon)
  8840 | D:9      | Noticed Joseph
  8855 | D:9      | Killed Joseph
  9017 | D:9      | Found an iron altar of Okawaru.
  9193 | D:9      | Noticed Grum
  9207 | D:9      | Reached *** piety under Okawaru
  9216 | D:9      | Killed Grum
  9216 | D:9      | Reached skill level 5 in Shields
  9232 | D:9      | Reached skill level 5 in Armour
  9258 | D:9      | Found a snail-covered altar of Cheibriados.
  9979 | D:10     | Entered Level 10 of the Dungeon
 10016 | D:10     | Noticed a hill giant
 10434 | D:10     | Reached XP level 11. HP: 73/76 MP: 15/15
 10500 | D:10     | Killed a hill giant
 10500 | D:10     | Reached **** piety under Okawaru
 10500 | D:10     | Reached skill level 6 in Armour
 11000 | D:10     | Noticed a hill giant
 11028 | D:10     | Killed a hill giant
 11304 | D:10     | Reached skill level 7 in Armour
 11418 | D:11     | Noticed an ogre mage
 11418 | D:11     | Noticed a centaur warrior
 11418 | D:11     | Noticed a hill giant
 11418 | D:11     | Noticed a centaur warrior
 11421 | D:11     | Noticed a hill giant
 11422 | D:11     | Noticed a cyclops
 11437 | D:10     | Killed a centaur warrior
 11437 | D:10     | Reached ***** piety under Okawaru
 11452 | D:10     | HP: 1/76 [burnt (6)]
 11715 | D:10     | Killed a hill giant
 11864 | D:10     | Killed a hill giant
 11864 | D:10     | Reached skill level 5 in Dodging
 11877 | D:10     | Killed a centaur warrior
 12046 | D:10     | Killed an ogre mage
 12046 | D:10     | Received a gift from Okawaru
 12050 | D:10     | Killed a cyclops
 12053 | D:10     | Got a garnet-encrusted chain mail {god gift}
 12064 | D:10     | Identified the +5 chain mail "Goynepp" {*Slow Str+4 Int+3} (Okawaru gifted it to you on level 10 of the Dungeon)
 12353 | D:11     | Noticed a white ugly thing
 12356 | D:11     | Reached XP level 12. HP: 81/81 MP: 16/16
 12482 | D:12     | Noticed Sonja
 12521 | D:12     | Killed Sonja
 12521 | D:12     | Reached skill level 10 in Maces & Flails
 12916 | D:12     | Found a staircase to the Orcish Mines.
 13072 | D:12     | Noticed Psyche
 13080 | D:12     | Killed Psyche
 13088 | D:12     | Noticed a stone giant
 13107 | D:12     | Killed a stone giant
 13842 | D:13     | Received a gift from Okawaru
 13869 | D:13     | Received a gift from Okawaru
 14003 | D:13     | Noticed a sun demon
 14241 | D:13     | Reached ****** piety under Okawaru
 14254 | D:13     | Noticed a centaur warrior
 14275 | D:13     | Killed a centaur warrior
 14275 | D:13     | Reached XP level 13. HP: 83/87 MP: 18/18
 14496 | D:13     | Found a gate to the Vaults.
 16519 | Lair:2   | Found a glowing silver altar of Zin.
 16903 | Lair:2   | Received a gift from Okawaru
 16921 | Lair:2   | Reached skill level 1 in Throwing
 16981 | Lair:2   | Got a steaming great mace {god gift}
 16989 | Lair:2   | Identified the +3 great mace of the Philosopher {elec, rF+ Str+4 Int+6 SInv} (Okawaru gifted it to you on level 2 of the Lair of Beasts)
 17423 | Lair:3   | Found a staircase to the Shoals.
 17626 | Lair:3   | Reached skill level 8 in Armour
 17730 | Lair:3   | Found a hole to the Spider Nest.
 17744 | Lair:3   | Received a gift from Okawaru
 17883 | Lair:3   | Gained mutation: Your large and strong wings let you fly indefinitely. [Gargoyle growth]
 17883 | Lair:3   | Reached XP level 14. HP: 93/94 MP: 21/21
 18462 | Lair:4   | Reached skill level 10 in Invocations
 18961 | Lair:5   | Reached skill level 9 in Armour
 19304 | Lair:5   | Received a gift from Okawaru
 19346 | Lair:5   | Reached skill level 5 in Throwing
 19865 | Lair:6   | Entered Level 6 of the Lair of Beasts
 19937 | Lair:6   | Received a gift from Okawaru
 19954 | Lair:6   | Reached skill level 10 in Armour
 20270 | Lair:6   | Reached skill level 11 in Armour
 20437 | Lair:6   | Found a runed door.
 20567 | Lair:6   | Reached skill level 12 in Armour
 21031 | Lair:6   | Found a viscous altar of Jiyva.
 21031 | Lair:6   | Found a staircase to the Slime Pits.
 21266 | Lair:1   | Gained mutation: You are partially covered in thin metallic scales. (AC +2) [potion of mutation]
 21266 | Lair:1   | Gained mutation: Your magical capacity is low. (-10% MP) [potion of mutation]
 21266 | Lair:1   | Gained mutation: Your body sometimes deteriorates upon taking damage. [potion of mutation]
 21267 | Lair:1   | Lost mutation: Your body sometimes deteriorates upon taking damage. [potion of cure mutation]
 21267 | Lair:1   | Lost mutation: Your magical capacity is low. (-10% MP) [potion of cure mutation]
 21267 | Lair:1   | Lost mutation: You are partially covered in thin metallic scales. (AC +2) [potion of cure mutation]
 21324 | Spider:1 | Entered Level 1 of the Spider Nest
 21363 | Spider:1 | Reached XP level 15. HP: 84/99 MP: 20/23
 21369 | Spider:1 | Noticed Josephine
 21398 | Spider:1 | Reached skill level 13 in Armour
 21426 | Spider:1 | Killed Josephine
 21426 | Spider:1 | Received a gift from Okawaru
 21483 | Spider:1 | Got a slimy cloak {god gift}
 21489 | Spider:1 | Identified the +1 cloak of Edongih {rF+ rC++ Dex+2} (Okawaru gifted it to you on level 1 of the Spider Nest)
 21692 | Spider:1 | Got a fine longbow
 22239 | Spider:1 | Reached skill level 14 in Armour
 22366 | Spider:2 | Noticed an emperor scorpion
 23014 | Orc:1    | Entered Level 1 of the Orcish Mines
 23169 | Orc:1    | Paralysed by an orc sorcerer for 4 turns
 23651 | Orc:1    | Found Jestryd's Distillery.
 23675 | Orc:1    | Bought a potion of heal wounds for 75 gold pieces
 23675 | Orc:1    | Bought 2 potions of heal wounds for 150 gold pieces
 23677 | Orc:1    | Noticed an orc warlord
 23733 | Orc:1    | Killed an orc warlord
 23989 | Orc:1    | Found a roughly hewn altar of Beogh.
 24167 | Orc:1    | You fall through a shaft!
 24167 | Orc:2    | Entered Level 2 of the Orcish Mines
 24185 | Orc:2    | Received a gift from Okawaru
 24460 | Orc:2    | Found a staircase to the Elven Halls.
 24692 | Orc:2    | Reached skill level 15 in Fighting
 24697 | Orc:2    | Paralysed by an orc sorcerer for 6 turns
 24899 | Orc:2    | Found Foejahen's Food Shop.
 24899 | Orc:2    | Found Nuemonwo's Distillery.
 24901 | Orc:2    | Found Meteor Gilu's Antique Armour Shop.
 24901 | Orc:2    | Found Jeujakop's Distillery.
 24912 | Orc:2    | Bought a potion of might for 64 gold pieces
 24912 | Orc:2    | Bought a potion of agility for 64 gold pieces
 24912 | Orc:2    | Bought a potion of might for 64 gold pieces
 24912 | Orc:2    | Bought a potion of agility for 64 gold pieces
 24914 | Orc:2    | Bought a potion of might for 56 gold pieces
 24914 | Orc:2    | Bought a potion of heal wounds for 70 gold pieces
 24914 | Orc:2    | Bought a potion of might for 56 gold pieces
 24914 | Orc:2    | Bought 2 potions of heal wounds for 140 gold pieces
 24914 | Orc:2    | Bought 2 potions of heal wounds for 140 gold pieces
 24914 | Orc:2    | Bought a potion of heal wounds for 70 gold pieces
 25326 | D:14     | Found Bawuudokk's Demolitions Depot.
 25346 | D:14     | Bought a book of Air for 490 gold pieces
 25364 | D:14     | Learned a level 2 spell: Repel Missiles
 25518 | D:14     | Reached skill level 1 in Charms
 25520 | D:14     | Received a gift from Okawaru
 25736 | D:14     | You fall through a shaft!
 25736 | D:15     | Entered Level 15 of the Dungeon
 25852 | D:15     | Reached skill level 1 in Air Magic
 25904 | D:15     | Cast into level 2 of the Abyss (a wizard)
 26010 | Abyss:2  | Reached XP level 16. HP: 99/108 MP: 24/24
 26263 | Abyss:2  | Noticed a tentacled starspawn
 26279 | Abyss:2  | Killed a tentacled starspawn
 26430 | D:15     | Escaped the Abyss
 26663 | D:15     | Received a gift from Okawaru
 26675 | D:15     | Got a distressingly furry cloak {god gift}
 26691 | D:15     | Identified the +0 cloak of Compression {rPois} (Okawaru gifted it to you on level 15 of the Dungeon)
 26758 | D:15     | Found a staircase to the Depths.
 27822 | Spider:2 | Reached skill level 10 in Shields
 28039 | Spider:2 | Identified a scroll of acquirement
 28332 | Spider:2 | Received a gift from Okawaru
 28988 | Spider:4 | Entered Level 4 of the Spider Nest
 29025 | Spider:3 | Received a gift from Okawaru
 29145 | Spider:3 | Reached XP level 17. HP: 74/113 MP: 25/25
 30149 | Spider:4 | Noticed Arachne
 30190 | Spider:3 | Killed Arachne
 30190 | Spider:3 | Received a gift from Okawaru
 30723 | Spider:4 | Received a gift from Okawaru
 30735 | Spider:4 | Identified the cursed +0 longbow of Gisaosch {flame, rF+ MP+9} (You found it on level 1 of the Spider Nest)
 30971 | Spider:4 | Received a gift from Okawaru
 30974 | Spider:4 | Got a fine hat {god gift}
 30985 | Spider:4 | Identified the +1 hat of Kunof {*Slow rElec Int-3 Slay+6} (Okawaru gifted it to you on level 4 of the Spider Nest)
 30990 | Spider:4 | Got a gossamer rune of Zot
 31312 | Lair:1   | Learned a level 2 spell: Swiftness
 31314 | Lair:1   | Learned a level 1 spell: Magic Dart
 31443 | Elf:1    | Entered Level 1 of the Elven Halls
 31462 | Orc:2    | Reached skill level 1 in Conjurations
 31761 | Elf:1    | Reached XP level 18. HP: 109/119 MP: 26/26
 31776 | Elf:1    | Noticed zkyp's ghost (journeyman DgAr)
 31808 | Elf:1    | Killed zkyp's ghost
 31808 | Elf:1    | Reached skill level 15 in Maces & Flails
 32009 | Elf:1    | Reached skill level 5 in Conjurations
 32342 | Elf:1    | Found Fukh's Magic Scroll Boutique.
 32378 | Elf:1    | Bought a scroll of blinking for 90 gold pieces
 32378 | Elf:1    | Bought a scroll of identify for 24 gold pieces
 32378 | Elf:1    | Bought a scroll of fog for 24 gold pieces
 32378 | Elf:1    | Bought a scroll of identify for 24 gold pieces
 32378 | Elf:1    | Bought a scroll of identify for 24 gold pieces
 32378 | Elf:1    | Bought a scroll of blinking for 90 gold pieces
 32378 | Elf:1    | Bought a scroll of enchant armour for 90 gold pieces
 32378 | Elf:1    | Bought a scroll of fear for 42 gold pieces
 32378 | Elf:1    | Bought a scroll of enchant armour for 90 gold pieces
 32492 | Elf:1    | Reached skill level 1 in Evocations
 32510 | Elf:1    | Received a gift from Okawaru
 32566 | Elf:1    | Noticed Asterion
 32587 | Elf:1    | Killed Asterion
 33143 | Elf:2    | Found a runed gate.
 33143 | Elf:2    | Found a runed gate.
 33143 | Elf:2    | Found a runed gate.
 33218 | Elf:2    | Reached skill level 5 in Charms
 33648 | Elf:2    | Reached skill level 5 in Air Magic
 33676 | Elf:2    | Noticed a deep elf blademaster
 33692 | Elf:2    | Killed a deep elf blademaster
 33692 | Elf:2    | Received a gift from Okawaru
 33955 | Elf:3    | Entered Level 3 of the Elven Halls
 34009 | Elf:3    | Noticed Nikola
 34035 | Elf:3    | Killed Nikola
 34235 | Elf:3    | Found an ancient bone altar of Kikubaaqudgha.
 34335 | Elf:3    | Noticed a deep elf blademaster
 34361 | Elf:3    | Killed a deep elf blademaster
 34361 | Elf:3    | Reached XP level 19. HP: 109/124 MP: 27/27
 34370 | Elf:3    | Received a gift from Okawaru
 34370 | Elf:3    | Reached skill level 5 in Evocations
 34482 | Elf:3    | Received a gift from Okawaru
 34797 | Elf:3    | Got a heavily runed amethyst amulet
 34912 | Elf:3    | Received a gift from Okawaru
 34930 | Elf:3    | Got a smoking morningstar {speed}
 34960 | Elf:3    | Identified the cursed +1 morningstar of Agony {speed, rC++ rN+} (You took it off a deep elf annihilator on level 3 of the Elven Halls)
 34979 | Elf:3    | Identified the amulet "Gamity" {*Corrode rPois MR+ Regen+ Dex+3} (You took it off a deep elf blademaster on level 3 of the Elven Halls)
 35071 | Elf:3    | Cast into level 2 of the Abyss (a deep elf demonologist)
 35242 | Elf:3    | Escaped the Abyss
 35586 | Elf:3    | Got a coiled wooden ring
 35595 | Elf:3    | Identified the ring of Qiokk {rElec rPois AC+1 Int+6 Dex-3} (You took it off a deep elf blademaster on level 3 of the Elven Halls)
 36249 | Vaults:1 | Entered Level 1 of the Vaults
 36678 | Vaults:1 | Reached XP level 20. HP: 102/129 MP: 28/28
 37078 | Vaults:1 | Received a gift from Okawaru
 37594 | Vaults:1 | Reached skill level 1 in Stealth
 38059 | Vaults:1 | Found a shattered altar of Ashenzari.
 38069 | Vaults:1 | Found Tuqem's Magic Scroll Boutique.
 38072 | Vaults:1 | Bought a scroll of enchant weapon for 105 gold pieces
 38072 | Vaults:1 | Bought 2 scrolls of enchant armour for 210 gold pieces
 38072 | Vaults:1 | Bought a scroll of brand weapon for 280 gold pieces
 38072 | Vaults:1 | Bought a scroll of silence for 105 gold pieces
 38072 | Vaults:1 | Bought a scroll of enchant armour for 105 gold pieces
 38415 | Vaults:2 | Reached skill level 5 in Stealth
 38718 | Vaults:2 | Received a gift from Okawaru
 39284 | Vaults:2 | Received a gift from Okawaru
 40038 | Vaults:3 | Reached skill level 10 in Dodging
 40111 | Vaults:3 | Reached XP level 21. HP: 116/134 MP: 23/30
 40161 | Vaults:3 | Paralysed by an ogre mage for 2 turns
 40173 | Vaults:3 | Paralysed by an ogre mage for 6 turns
 40513 | Vaults:3 | Received a gift from Okawaru
 40645 | Vaults:3 | Upgraded the game from 0.19-a0-1882-gbb73ea0 to 0.19-a0-1889-g9c603be
 41177 | Vaults:3 | Found a staircase to the Crypt.
 41184 | Crypt:1  | Entered Level 1 of the Crypt
 41455 | Crypt:1  | Found a runed door.
 41518 | Crypt:1  | Cast into level 2 of the Abyss (a deep elf sorcerer)
 41793 | Abyss:2  | Received a gift from Okawaru
 41893 | Abyss:2  | Paralysed by accursed screaming for 1 turns
 41901 | Abyss:2  | Paralysed by accursed screaming for 2 turns
 41947 | Abyss:2  | Received a gift from Okawaru
 42120 | Abyss:2  | Received a gift from Okawaru
 42163 | Abyss:2  | Found a corrupted altar of Lugonu.
 42219 | Crypt:1  | Escaped the Abyss
 42234 | Crypt:1  | Noticed an ancient lich
 42238 | Crypt:1  | Noticed an ancient lich
 42245 | Crypt:1  | Paralysed by an ancient lich for 4 turns
 42254 | Crypt:1  | Paralysed by an ancient lich for 7 turns
 42275 | Crypt:1  | Killed an ancient lich
 42981 | Vaults:4 | Noticed Saint Roka
 43555 | Vaults:4 | Noticed Mara
 43579 | Vaults:4 | Noticed Ijustatesigmund's illusion
 43596 | Vaults:3 | Received a gift from Okawaru
 43631 | Vaults:4 | Killed Mara
 43631 | Vaults:4 | Received a gift from Okawaru
 43631 | Vaults:4 | Reached XP level 22. HP: 107/145 MP: 31/31
 43730 | Vaults:4 | Killed Saint Roka
 43887 | Vaults:4 | Received a gift from Okawaru
 43938 | Vaults:4 | Noticed Mennas
 43973 | Vaults:4 | Killed Mennas
 44087 | Vaults:4 | Received a gift from Okawaru
 44486 | Vaults:4 | Paralysed by a sphinx for 3 turns
 44642 | Vaults:4 | Received a gift from Okawaru
 45374 | Depths:1 | Entered Level 1 of the Depths
 45376 | Depths:1 | Found a gateway to a ziggurat.
 45393 | Depths:1 | Reached skill level 15 in Armour
 45569 | Depths:1 | Got an ancient lajatang
 45570 | Depths:1 | Identified the +6 lajatang of Inquiry {distort, rF+ Dex+3 SInv} (You found it on level 1 of the Depths)
 45664 | Depths:1 | Found a gateway to Hell.
 45684 | Depths:1 | Found Kiuqikk's Antique Armour Shop.
 45752 | Depths:1 | Received a gift from Okawaru
 45755 | Depths:1 | Got a blackened chain mail {god gift}
 45756 | Depths:1 | Identified the +3 chain mail of the Comet {rPois MR- Regen+ rCorr} (Okawaru gifted it to you on level 1 of the Depths)
 46665 | Depths:2 | Got a wavering platinum ring
 46678 | Depths:2 | Identified the ring "Ytaing" {Int+6 Stlth+} (You took it off a spriggan air mage on level 2 of the Depths)
 46730 | Depths:2 | Reached XP level 23. HP: 85/150 MP: 33/33
 46818 | Depths:2 | Reached skill level 10 in Throwing
 47270 | Depths:2 | Reached skill level 16 in Armour
 47283 | Depths:2 | Noticed Jorgrun
 47300 | Depths:2 | Killed Jorgrun
 47560 | Depths:2 | Found Atuvesarph's Gadget Shoppe.
 47561 | Depths:2 | Found Ycol's Jewellery Shop.
 47563 | Depths:2 | Found Olig Xof's Gadget Shoppe.
 47894 | Depths:2 | Found a shattered altar of Ashenzari.
 48041 | Depths:2 | Noticed Bai Suzhen
 48061 | Depths:2 | Killed Bai Suzhen
 48061 | Depths:2 | Received a gift from Okawaru
 48102 | Depths:2 | Received a gift from Okawaru
 48123 | Depths:2 | Identified the +4 plate armour of Analysis {-Tele rPois rN+ Str+2} (Okawaru gifted it to you on level 2 of the Depths)
 48334 | Depths:2 | Bought a wand of heal wounds (5/9) for 1080 gold pieces
 48349 | Depths:2 | Bought the ring "Nouczane" {rPois MR++ Str-3 Int+4 SInv} for 934 gold pieces
 48768 | Depths:3 | Found a one-way gate leading to the halls of Pandemonium.
 48848 | Depths:3 | Noticed Boris
 48868 | Depths:3 | Killed Boris
 49023 | Depths:3 | Reached skill level 15 in Invocations
 49267 | Depths:3 | Found Ragewk's Book Emporium.
 49454 | Depths:3 | Reached skill level 17 in Armour
 49613 | Depths:3 | Noticed a juggernaut
 49629 | Depths:3 | Killed a juggernaut
 49629 | Depths:3 | Received a gift from Okawaru
 49650 | Depths:3 | Identified the +0 plate armour of Xemucaic {Str+8 Dex-2} (Okawaru gifted it to you on level 3 of the Depths)
 49806 | Depths:3 | Noticed a golden dragon
 49821 | Depths:3 | Killed a golden dragon
 49821 | Depths:3 | Reached XP level 24. HP: 150/156 MP: 34/34
 49843 | Depths:3 | Noticed a caustic shrike
 49863 | Depths:3 | Killed a caustic shrike
 49996 | Depths:3 | Noticed a caustic shrike
 50009 | Depths:3 | Killed a caustic shrike
 50362 | Depths:3 | Noticed an ancient lich
 50383 | Depths:3 | Killed an ancient lich
 50411 | Depths:3 | Identified the +8 gold dragon scales "Qoumn" {rPois rF+ rC+ MR+ Str+4 SInv Stlth+} (You found it on level 3 of the Depths)
 50546 | Depths:4 | Reached skill level 1 in Spellcasting
 50679 | Depths:4 | Found a corrupted altar of Lugonu.
 50679 | Depths:4 | Found a one-way gate to the infinite horrors of the Abyss.
 50837 | Depths:4 | Noticed a juggernaut
 50837 | Depths:4 | Noticed a caustic shrike
 50863 | Depths:4 | Killed a juggernaut
 50879 | Depths:4 | Killed a caustic shrike
 50879 | Depths:4 | Reached skill level 18 in Armour
 51287 | Depths:4 | Identified the +4 dire flail "Qyghiqeg" {elec, -Tele rC++} (You found it on level 4 of the Depths)
 51356 | Depths:4 | Reached skill level 5 in Spellcasting
 51500 | Depths:4 | Noticed a juggernaut
 51523 | Depths:4 | Killed a juggernaut
 51523 | Depths:4 | Received a gift from Okawaru
 51530 | Depths:4 | Identified the +6 shield of Midwinter {rC- MP+9 Slay+3 Stlth+} (Okawaru gifted it to you on level 4 of the Depths)
 51871 | Depths:5 | Entered Level 5 of the Depths
 51922 | Depths:5 | Noticed Margery
 51939 | Depths:5 | Killed Margery
 52029 | Depths:5 | Noticed a juggernaut
 52042 | Depths:5 | Killed a juggernaut
 52072 | Depths:5 | Reached skill level 19 in Armour
 52111 | Depths:5 | Reached XP level 25. HP: 156/161 MP: 35/35
 52296 | Depths:5 | Found a gate to the Realm of Zot.
 52297 | Depths:5 | Noticed a juggernaut
 52318 | Depths:5 | Killed a juggernaut
 52511 | Depths:5 | Learned a level 2 spell: Blink
 52515 | Depths:5 | Learned a level 3 spell: Mephitic Cloud
 52534 | Depths:5 | Reached skill level 1 in Translocations
 52793 | Depths:4 | Received a gift from Okawaru
 53276 | Depths:3 | Reached skill level 5 in Translocations
 53292 | Depths:3 | Bought a book of Party Tricks for 750 gold pieces
 53294 | Depths:3 | Learned a level 1 spell: Apportation
 53296 | Depths:3 | Learned a level 1 spell: Summon Butterflies
 53300 | Depths:3 | Learned a level 3 spell: Lesser Beckoning
 53538 | Shoals:1 | Entered Level 1 of the Shoals
 53579 | Shoals:1 | Noticed Donald
 53614 | Shoals:1 | Killed Donald
 53809 | Shoals:1 | Noticed Aizul
 53827 | Shoals:1 | Killed Aizul
 53942 | Shoals:1 | Found Xoxis's Magic Scroll Emporium.
 53950 | Shoals:1 | Bought a scroll of teleportation for 54 gold pieces
 53950 | Shoals:1 | Bought a scroll of teleportation for 54 gold pieces
 54339 | Shoals:1 | Identified the +3 chain mail of the Lumpy Curses {Str+4} (You found it on level 1 of the Shoals)
 54489 | Shoals:2 | Received a gift from Okawaru
 54498 | Shoals:2 | Got a pair of brightly glowing gloves {god gift}
 54504 | Shoals:2 | Identified the +1 pair of gloves "Hutsov" {Dex+2 SInv} (Okawaru gifted it to you on level 2 of the Shoals)
 54586 | Shoals:2 | Identified the Volume of Feathers (You acquired it on level 2 of the Shoals)
 55762 | Shoals:4 | Entered Level 4 of the Shoals
 55918 | Shoals:4 | Noticed Ilsuiw
 55994 | Shoals:4 | Killed Ilsuiw
 56402 | Shoals:4 | Got a barnacled rune of Zot
 56891 | Slime:1  | Entered Level 1 of the Pits of Slime
 56899 | Lair:6   | Reached skill level 10 in Translocations
 57203 | Slime:2  | Gained mutation: Your magical capacity is low. (-10% MP) [a shining eye]
 57239 | Slime:1  | Reached XP level 26. HP: 78/167 MP: 32/32
 57427 | Slime:5  | Entered Level 5 of the Pits of Slime
 57432 | Slime:5  | Gained mutation: Your magical capacity is very low. (-20% MP) [a shining eye]
 57638 | Slime:5  | Received a gift from Okawaru
 57691 | Slime:5  | Noticed the Royal Jelly
 57862 | Slime:5  | Paralysed by a great orb of eyes for 2 turns
 57887 | Slime:5  | Found a viscous altar of Jiyva.
 57959 | Slime:5  | Killed the Royal Jelly
 57996 | Slime:4  | Received a gift from Okawaru
 58195 | Slime:4  | Gained mutation: You regenerate slowly when monsters are visible. [a shining eye]
 58197 | Slime:4  | Gained mutation: You occasionally shout uncontrollably at your foes. [a shining eye]
 58423 | Slime:5  | Got a slimy rune of Zot
 58503 | Slime:5  | Gained mutation: You sometimes yell uncontrollably at your foes. [a shining eye]
 58504 | Slime:5  | Gained mutation: You are occasionally teleported next to monsters. [a shining eye]
 58590 | Lair:6   | Lost mutation: You sometimes yell uncontrollably at your foes. [potion of cure mutation]
 58590 | Lair:6   | Lost mutation: You occasionally shout uncontrollably at your foes. [potion of cure mutation]
 58590 | Lair:6   | Lost mutation: Your magical capacity is very low. (-20% MP) [potion of cure mutation]
 58590 | Lair:6   | Lost mutation: Your magical capacity is low. (-10% MP) [potion of cure mutation]
 58590 | Lair:6   | Lost mutation: You regenerate slowly when monsters are visible. [potion of cure mutation]
 58672 | Lair:1   | Upgraded the game from 0.19-a0-1889-g9c603be to 0.19-a0-1899-g2d93087
 58808 | Zig:1    | Entered Level 1 of a ziggurat
 58829 | Zig:2    | Entered Level 2 of a ziggurat
 58835 | Zig:2    | Reached skill level 1 in Poison Magic
 58866 | Zig:3    | Entered Level 3 of a ziggurat
 58890 | Zig:3    | Identified the +0 leather armour of the Pleiades {Str+2} (You found it on level 3 of a ziggurat)
 58900 | Zig:4    | Entered Level 4 of a ziggurat
 58925 | Zig:4    | Reached XP level 27. HP: 96/173 MP: 35/35
 59068 | Zig:4    | Got a bloodstained large shield
 59079 | Zig:4    | Identified the +8 large shield "Juferonn" {rC- Str+5} (You took it off a daeva on level 4 of a ziggurat)
 59094 | Zig:5    | Entered Level 5 of a ziggurat
 59167 | Zig:6    | Entered Level 6 of a ziggurat
 59223 | Zig:6    | Reached skill level 5 in Poison Magic
 59240 | Zig:6    | Identified the ring of Soeh {Wiz rPois rN+ Str+8 Stlth-} (You found it on level 6 of a ziggurat)
 59250 | Zig:7    | Entered Level 7 of a ziggurat
 59265 | Zig:7    | Gained mutation: You expend magic power (3 MP) to strengthen your wands. [a shining eye]
 59328 | Zig:7    | Identified the +3 crystal plate armour of the Thinker {Regen+} (You found it on level 7 of a ziggurat)
 59377 | Zig:8    | Entered Level 8 of a ziggurat
 59578 | Zig:9    | Entered Level 9 of a ziggurat
 59630 | Zig:9    | Identified the Volume of Creative Heat
 59641 | Zig:9    | Identified the Incunabulum of Attacks and Aid
 59647 | Zig:10   | Entered Level 10 of a ziggurat
 59731 | Zig:10   | Lost mutation: You are occasionally teleported next to monsters. [potion of cure mutation]
 59731 | Zig:10   | Lost mutation: You expend magic power (3 MP) to strengthen your wands. [potion of cure mutation]
 59756 | Zig:10   | Identified the ring of Eragylag {+Fly EV+4 Str+7 Int+4} (You found it on level 10 of a ziggurat)
 59828 | Zig:11   | Entered Level 11 of a ziggurat
 59842 | Zig:11   | Noticed a juggernaut
 59844 | Zig:11   | Noticed a juggernaut
 59863 | Zig:11   | Killed a juggernaut
 59891 | Zig:11   | Killed a juggernaut
 59891 | Zig:11   | Received a gift from Okawaru
 59903 | Zig:11   | Reached skill level 15 in Shields
 59955 | Zig:11   | Gained mutation: You are occasionally teleported next to monsters. [a neqoxec]
 59956 | Zig:11   | Gained mutation: You tend to lose your temper in combat. [a neqoxec]
 60168 | Zig:11   | Got a vibrating ruby amulet
 60178 | Zig:11   | Got a brightly glowing gossamer ring
 60187 | Zig:11   | Identified Sif Muna's Compendium of Torrid Feathers
 60208 | Zig:11   | Identified the ring of Lakko {*Tele Str+4 Dex+3} (You found it on level 11 of a ziggurat)
 60213 | Zig:12   | Entered Level 12 of a ziggurat
 60254 | Zig:12   | Reached skill level 1 in Summonings
 60313 | Zig:12   | Identified Sif Muna's Handbook of Creative Lightness
 60332 | Zig:12   | Learned a level 3 spell: Dazzling Spray
 60378 | Zig:13   | Entered Level 13 of a ziggurat
 60422 | Zig:13   | Received a gift from Okawaru
 60424 | Zig:13   | Gained mutation: You expend magic power (3 MP) to strengthen your wands. [a shining eye]
 60498 | Zig:13   | Identified the Handbook of Doomed Calling
 60632 | Zig:14   | Entered Level 14 of a ziggurat
 60658 | Zig:14   | Reached skill level 10 in Evocations
 60801 | Zig:14   | Identified a +2 pair of boots of running (You found it on level 14 of a ziggurat)
 60808 | Zig:14   | Got a glittering platinum ring
 60812 | Zig:14   | Identified the ring "Diukkeha" {rPois rN+} (You found it on level 14 of a ziggurat)
 60848 | Zig:15   | Entered Level 15 of a ziggurat
 60952 | Zig:15   | Received a gift from Okawaru
 61059 | Zig:15   | Learned a level 4 spell: Olgreb's Toxic Radiance
 61242 | Zig:16   | Entered Level 16 of a ziggurat
 61388 | Zig:16   | Received a gift from Okawaru
 61538 | Zig:16   | Got an ancient helmet
 61549 | Zig:16   | Identified the +2 helmet of the Prince of Darkness {+Inv Regen+ Str-3 Stlth+} (You found it on level 16 of a ziggurat)
 61550 | Zig:16   | Identified the amulet "Diopn" {Reflect +Blink rElec Str-3 SH+3} (You found it on level 11 of a ziggurat)
 61564 | Zig:16   | Identified the Reference Book on Captivating Combat Magic
 61570 | Zig:16   | Identified the Papyrus of Poisoning and Confrontation
 61575 | Zig:16   | Got a flickering silver ring
 61576 | Zig:16   | Identified the ring of Fuepreh {+Fly Str+2 Dex+7 Slay-5 Stlth+} (You found it on level 16 of a ziggurat)
 61613 | Zig:17   | Entered Level 17 of a ziggurat
 61648 | Zig:17   | Paralysed by accursed screaming for 2 turns
 61669 | Zig:17   | Paralysed by accursed screaming for 2 turns
 61688 | Zig:17   | Paralysed by accursed screaming for 2 turns
 61690 | Zig:17   | Gained mutation: You are weak. (Str -2) [a neqoxec]
 61691 | Zig:17   | HP: 1/175 [starcursed mass/accursed screaming (31)]
 61692 | Zig:17   | Mangled by an ancient zyme

Vault maps used:
D:1:      scummos_arrival_star
D:2:      first_bread, grunt_decor_mini_mirrors,
          nicolae_dithmenos_through_a_glass_darkly, uniq_terence
D:3:      tso_metal_star
D:4:      lemuel_blue_sif_altar
D:5:      corexii_item_surrounded_by_moat
D:6:      elyvilon_altar_3, basic_altar, kennysheep_windowed_goal
D:7:      solitary_fountain, uniq_pikel
D:8:      xom_confusion_cloud, dpeg_oklobed_lair, serial_shops,
          nicolae_shop_window_shopping
D:9:      lemuel_coloured_pillars_altar, okawaru_gym_becter, uniq_joseph,
          uniq_grum
D:10:     the_bakery, item_on_display_b
D:11:     minmay_ambush_box, serial_ice, serial_ice_h, serial_ice_o,
          serial_ice_d, serial_ice_e, portal_ice_cave_entry_pillars_1
D:12:     david_orc_2, minivault_11, kennysheep_doodads,
          kennysheep_generic_room_12, uniq_psyche, uniq_sonja
D:13:     david_vaults_1
D:14:     minmay_misc_feat_room, nicolae_blasting_shop
D:15:     hangedman_depths_entry_try_elsewhere_first
Temple:   minmay_temple_curvy_branch
Lair:2:   basic_altar, grunt_forest_large_clearings
Lair:3:   statuecave_lemuel, minmay_shoals_entry_centaurs,
          spider_nest_entry_webs, beast_lair_carwin_8
Lair:4:   beast_lair_carwin_4
Lair:5:   beast_lair_carwin_1
Lair:6:   guppyfry_lair_end_dragon, wormcave, dpeg_slime_entry_enclosed_altar
Shoals:1: serial_shops, shop, uniq_donald, uniq_aizul
Shoals:4: shoals_end_hangedman, shoals_ilsuiw_alternative
Spider:1: uniq_josephine
Spider:2: spiders_nest_scorpion_pit, spiders_nest_hornet_nest
Spider:3: spider_trap
Spider:4: grunt_spider_rune_island, uniq_arachne
Slime:2:  cheibrodos_slime_lost_civilization_4
Orc:1:    serial_shops, nicolae_shop_waterfront, special_room
Orc:2:    grunt_orc_tribal_feast
Elf:1:    minmay_elf_arrival_circle, serial_shops, shop_statue,
          minmay_elf_crystal_heptagon, uniq_asterion
Elf:3:    minmay_elf_hall, basic_altar, uniq_nikola
Vaults:1: v_rooms_4, vaults_room_stairs_pillars, grunt_vaults_hallway_short,
          vaults_room_pools, vaults_standard_mumra_x, serial_ice_h,
          v_alt_pattern_6, grunt_vaults_funnel,
          vaults_room_grunt_arrival_ludios, vaults_standard_mumra_lines,
          vaults_dpeg_encased_lava, basic_altar, serial_shops,
          nicolae_shop_behind_doors
Vaults:2: hangedman_vaults_impose, hangedman_vaults_pinch,
          vaults_room_stairs_pillars, hangedman_vaults_trim, vaults_room_fours,
          vaults_room_ringed_pool, v_misc_5, hangedman_vaults_unwind,
          grunt_vaults_bifocal, st_smaller_cells,
          nicolae_vaults_stairing_the_circle, v_misc_19
Vaults:3: minmay_crypt_entry_simple_box, nicolae_vaults_big_ls,
          ontoclasm_vaults_claustrophobia, hangedman_vaults_nails,
          nicolae_vaults_network_s, vaults_mumra_minichess_inversion,
          hangedman_vaults_river_flow, hangedman_vaults_trim, vaults_room_pools,
          nicolae_vaults_diagonal_hallway_8, vaults_mumra_lcd,
          vaults_dpeg_hooks, vaults_room_hallway,
          nicolae_vaults_little_squares_3
Vaults:4: v_misc_18, nicolae_vaults_c_with_doors, ontoclasm_vaults_ligature,
          nicolae_vaults_little_squares_2, serial_ice_g, v_pattern_3, v_misc_2,
          vaults_dpeg_diagonal, nicolae_vaults_mini_display_case, uniq_mara,
          uniq_mennas, uniq_saint_roka
Crypt:1:  evilmike_wizard_prison, st_stairs_12
Depths:1: enter_ziggurat_b, minmay_misc_feat_rugged, serial_shops,
          nicolae_shop_overgrown_old_shop, hell_entry
Depths:2: minmay_tile_spiral, ashenzari_altar_1, grunt_hell_entry_dis_old,
          serial_bayou_lagoon_a, grunt_megastairs_1, minmay_shop_grove,
          minmay_staircase_bubble, serial_bayou_shore_b, uniq_jorgrun,
          uniq_bai_suzhen
Depths:3: minmay_box_of_curves, serial_shops, shop, corexii_hall_statues_i,
          grunt_pan_entry_zigzag, hell_entry, serial_sigils_hangedman_gut,
          uniq_boris
Depths:4: vault_1, hangedman_abyss_or_decor_clamps, hangedman_coc_ice_floe,
          abyss_entry_flame_altar, minivault_16
Depths:5: evilmike_zot_entry_diamond, minmay_door_square, grunt_metal_band
Abyss:2:  hangedman_abyss_feature_spike
Zig:13:   ziggurat_pillar_centre_dead_trees
Zig:15:   ziggurat_pillar_centre_oklobs

Skill      XL: |  1  2  3  4  5  6  7  8  9 10 11 12 13 14 15 16 17 18 19 20 21 22 23 24 25 26 27 |
---------------+----------------------------------------------------------------------------------+-----
Fighting       | 4 5 6 9 11 12 13 15 17 18 | 18.7
Maces & Flails | 3 4 5 7 9 11 12 13 14 15 17 | 17.3
Dodging        | 4 6 7 10 | 10.3
Invocations    | 5 7 9 10 11 12 13 15 16 17 | 17.2
Armour         | 5 7 8 12 14 15 17 19 | 19.5
Shields        | 5 7 12 13 15 | 15.2
Throwing       | 3 5 7 9 11 12 | 12.4
Charms         | 1 4 6 9 |  9.8
Air Magic      | 1 3 6 8 9 |  9.0
Conjurations   | 3 6 8 |  8.8
Evocations     | 4 7 13 | 13.0
Stealth        | 8 9 |  9.3
Spellcasting   | 7 8 |  8.8
Translocations | 10 13 | 13.5
Poison Magic   | 3 8 |  8.4
Summonings     | 2 |  2.2

Action                   |  1- 3 |  4- 6 |  7- 9 | 10-12 | 13-15 | 16-18 | 19-21 | 22-24 | 25-27 || total
-------------------------+-------+-------+-------+-------+-------+-------+-------+-------+-------++-------
Melee: Flail             |   123 |   293 |   396 |  1193 |  1115 |       |       |       |       ||  3120
       Great mace        |       |       |       |       |   582 |       |       |       |       ||   582
       Eveningstar       |       |       |       |       |   272 |  2048 |  2185 |  2253 |  2210 ||  8968
Throw: Javelin           |       |       |       |       |     2 |    33 |     2 |     2 |    29 ||    68
       Tomahawk          |       |       |       |       |       |       |     2 |     1 |       ||     3
 Cast: Repel Missiles    |       |       |       |       |       |     5 |    11 |     8 |     7 ||    31
       Mephitic Cloud    |       |       |       |       |       |       |       |       |     9 ||     9
       Apportation       |       |       |       |       |       |       |       |       |     5 ||     5
       Blink             |       |       |       |       |       |       |       |       |     2 ||     2
Invok: Heroism           |       |       |       |       |     7 |    17 |    14 |     8 |    19 ||    65
       Finesse           |       |       |       |       |     6 |     8 |    11 |     5 |     8 ||    38
 Abil: Fly               |       |       |       |       |     1 |     2 |     1 |     1 |     3 ||     8
       Stop Flying       |       |       |       |       |     1 |     2 |     1 |     1 |     4 ||     9
       Evoke Invisibilit |       |       |       |       |       |       |       |       |     1 ||     1
Evoke: Wand              |       |       |     3 |     6 |     4 |    14 |    24 |     2 |    22 ||    75
       Phantom mirror    |       |       |       |       |       |       |     2 |       |     1 ||     3
  Use: Potion            |     1 |     1 |     4 |     9 |    11 |     4 |    23 |     2 |    17 ||    72
       Scroll            |       |    10 |     8 |    11 |    21 |    16 |    19 |    18 |    30 ||   133
 Stab: Paralysed         |       |       |     5 |       |       |       |       |       |       ||     5
       Confused          |       |       |       |       |     2 |       |       |       |     8 ||    10
       Invisible         |       |       |       |       |     5 |       |       |       |       ||     5
       Held in net/web   |       |       |       |       |       |     1 |       |       |       ||     1
       Sleeping          |       |       |       |       |       |     1 |     8 |    12 |       ||    21
       Distracted        |       |       |       |       |       |       |     1 |     3 |       ||     4
  Eat: Chunk             |     1 |     5 |     7 |    13 |    22 |    10 |     4 |     4 |       ||    66
       Bread ration      |       |     1 |       |     2 |     3 |     1 |     3 |       |     1 ||    11
       Beef jerky        |       |       |     1 |       |     2 |       |     1 |     2 |     3 ||     9
       Fruit             |       |       |     2 |     2 |    10 |     7 |     9 |     1 |     5 ||    36
       Pizza             |       |       |       |     2 |       |     2 |     2 |     1 |     2 ||     9
       Royal jelly       |       |       |       |       |     1 |       |     1 |       |     2 ||     4
       Meat ration       |       |       |       |       |       |       |     1 |     4 |     4 ||     9
Armor: Chain mail        |   101 |   215 |   229 |   514 |   714 |       |       |       |       ||  1773
       Scale mail        |       |       |       |    85 |       |       |       |       |       ||    85
       Fire dragon scale |       |       |       |       |   704 |  1480 |   780 |   798 |       ||  3762
       Gold dragon scale |       |       |       |       |       |       |       |   245 |  1452 ||  1697
Dodge: Dodged            |    36 |    79 |   103 |   355 |  1293 |  1305 |   810 |   916 |  1264 ||  6161
       Deflected         |       |       |       |       |       |     7 |    31 |    21 |    34 ||    93
Block: Shield            |    87 |   167 |   208 |   664 |   921 |  1651 |  1353 |  1661 |  2690 ||  9402
       Large shield      |       |       |       |       |       |       |       |       |   252 ||   252
